[gd_scene load_steps=15 format=2]

[ext_resource path="res://Assets/background/Cartoon_Forest_BG_04.png" type="Texture" id=1]
[ext_resource path="res://Scenes/Kunci.tscn" type="PackedScene" id=2]
[ext_resource path="res://Scenes/Nyawa.tscn" type="PackedScene" id=3]
[ext_resource path="res://Scenes/Level2/Cake1.tscn" type="PackedScene" id=4]
[ext_resource path="res://Scenes/Player.tscn" type="PackedScene" id=5]
[ext_resource path="res://Scenes/Pembatas.tscn" type="PackedScene" id=6]
[ext_resource path="res://Scenes/Level2/MinusNyawaL2.tscn" type="PackedScene" id=7]
[ext_resource path="res://Scenes/Level2/Cake2.tscn" type="PackedScene" id=8]
[ext_resource path="res://Scenes/Level2/Cake3.tscn" type="PackedScene" id=9]
[ext_resource path="res://Scenes/Level2/Cake4.tscn" type="PackedScene" id=10]
[ext_resource path="res://Scenes/Level2/Permen.tscn" type="PackedScene" id=11]
[ext_resource path="res://Scenes/Level2/PermenEnak.tscn" type="PackedScene" id=12]
[ext_resource path="res://Scripts/Level2/AreaTrigger2b.gd" type="Script" id=13]

[sub_resource type="RectangleShape2D" id=1]
extents = Vector2( 45.252, 81.8438 )

[node name="Node2D" type="Node2D"]

[node name="Sprite" type="Sprite" parent="."]
position = Vector2( 513.36, 299.814 )
scale = Vector2( 0.553638, 0.56526 )
texture = ExtResource( 1 )

[node name="Label" parent="." instance=ExtResource( 3 )]

[node name="Label2" parent="." instance=ExtResource( 2 )]

[node name="Label3" parent="." instance=ExtResource( 11 )]

[node name="StaticBody2D" parent="." instance=ExtResource( 4 )]

[node name="Player" parent="." instance=ExtResource( 5 )]
position = Vector2( -2.99661, 427.018 )

[node name="Pembatas" parent="." instance=ExtResource( 6 )]

[node name="MinusNyawaL2" parent="." instance=ExtResource( 7 )]
position = Vector2( 19.0487, 0 )

[node name="StaticBody2D2" parent="." instance=ExtResource( 8 )]
position = Vector2( 14, 106 )

[node name="StaticBody2D3" parent="." instance=ExtResource( 10 )]
position = Vector2( 492, -98 )

[node name="StaticBody2D4" parent="." instance=ExtResource( 9 )]
position = Vector2( 435.47, 15.7144 )

[node name="StaticBody2D5" parent="." instance=ExtResource( 10 )]
position = Vector2( 853.071, -428.78 )

[node name="StaticBody2D6" parent="." instance=ExtResource( 9 )]
position = Vector2( 529.802, 321.024 )

[node name="PermenEnak" parent="." instance=ExtResource( 12 )]
position = Vector2( 881.507, 461.448 )
contacts_reported = 10

[node name="AreaTrigger" type="Area2D" parent="."]
script = ExtResource( 13 )

[node name="CollisionShape2D" type="CollisionShape2D" parent="AreaTrigger"]
position = Vector2( 1063.15, 83.2445 )
shape = SubResource( 1 )
[connection signal="body_exited" from="PermenEnak" to="PermenEnak" method="_on_PermenEnak_body_exited"]
[connection signal="body_entered" from="AreaTrigger" to="AreaTrigger" method="_on_AreaTrigger_body_entered"]
